 Dungeon Crawl Stone Soup version 0.30-a0-782-ge64f9170bb (webtiles) character file.

Game seed: 8412188216594229515

592 theswoord the Magician (level 7, 0/36 HPs)
             Began as a Deep Elf Air Elementalist on Feb 23, 2023.
             Killed by their own static electricity (1 damage)
             ... on level 4 of the Dungeon.
             The game lasted 00:04:36 (3926 turns).

theswoord the Magician (Deep Elf Air Elementalist)  Turns: 3926, Time: 00:04:36

Health: 0/36       AC:  3    Str:  7    XL:     7   Next: 16%
Magic:  11/18      EV: 12    Int: 20    God:
Gold:   204        SH:  0    Dex: 15    Spells: 15/18 levels left

rFire   . . .      SeeInvis .    e - +2 short sword (elec)
rCold   . . .      Faith    .    (no shield)
rNeg    . . .      Spirit   .    a - +1 robe
rPois   .          Reflect  .    (no helmet)
rElec   .          Harm     .    (no cloak)
rCorr   .          Rampage  .    (no gloves)
Will    .....                    (no boots)
Stlth   ++                       j - amulet of magic regeneration
HPRegen 0.26/turn                (no ring)
MPRegen 0.56/turn                (no ring)

@: no status effects
A: no striking features
a: no special abilities


You were on level 4 of the Dungeon.
You visited 1 branch of the dungeon, and saw 6 of its levels.
You also visited: Sewer.

You collected 204 gold pieces.

Inventory:

Hand Weapons
 e - a +2 short sword of electrocution (weapon)
Armour
 a - a +1 robe (worn)
 o - a +0 pair of gloves
Jewellery
 j - an amulet of magic regeneration (around neck)
Wands
 k - a wand of digging (7)
Scrolls
 c - 2 scrolls of teleportation
 d - 2 scrolls of amnesia
 l - a scroll of enchant armour
 m - a scroll of fear
 n - a scroll of identify
Potions
 b - a potion of magic
 f - a potion of brilliance
 g - 2 potions of might
 h - a potion of berserk rage
 i - 2 potions of curing
 p - a potion of invisibility {unknown}


   Skills:
 - Level 2.4 Dodging
 - Level 2.4 Stealth
 + Level 6.4 Spellcasting
 + Level 4.9 Conjurations
 + Level 5.3 Air Magic


You had 15 spell levels left.
You knew the following spells:

 Your Spells              Type           Power      Damage    Failure   Level
a - Shock                 Conj/Air       100%       1d9       1%          1
b - Static Discharge      Conj/Air       54%        2-5/arc   1%          2

Your spell library contained the following spells:

 Spells                   Type           Power      Damage    Failure   Level
 Swiftness                Air            27%        N/A       3%          3
 Airstrike                Air            13%        2d(2-18)  11%         4
 Ensorcelled Hibernation  Hex/Ice        12%        N/A       16%         2
 Passwall                 Tmut/Erth      5%         N/A       16%         2
 Ignite Poison            Fire/Tmut/Pois 6%         N/A       30%         3
 Sticky Flame             Conj/Fire      16%        2d4       36%         4
 Ignition                 Fire           3%         3d4       100%        8


Dungeon Overview and Level Annotations

Branches:
Dungeon (6/15)              Sewer (visited)
 Temple: D:4-7

Altars:

Shops:
D:3 (


Message History

The zap hits the ball python.
The ball python hisses angrily.
The zap hits the ball python.
You kill the ball python!
You can't see any susceptible monsters within range! (Use Z to cast anyway.)
You now have 204 gold pieces (gained 15).
p - a coppery potion You see here a ball python corpse.
An ogre comes into view. It is wielding a +0 giant club.
An ogre is nearby!
An ogre is nearby!
An ogre is nearby!
Aim: an ogre, wielding a +0 giant club (asleep, 100% to hit)
The zap hits the ogre!
The ogre shouts!
You hear a shout! x2
A goblin comes into view. It is wielding a +0 dagger.
Aim: an ogre, wielding a +0 giant club (moderately wounded, 88% to hit)
The zap hits the ogre.
Aim: a goblin, wielding a +0 dagger (67% to hit)
The zap misses the goblin.
Aim: a goblin, wielding a +0 dagger (67% to hit)
The zap hits the goblin!
You kill the goblin!
Aim: an ogre, wielding a +0 giant club (moderately wounded, 88% to hit)
The zap hits the ogre.
Aim: an ogre, wielding a +0 giant club (heavily wounded, 88% to hit)
The zap hits the ogre.
The ogre hits you with a +0 giant club!
The ogre is struck by an arc of lightning.
You are struck by an arc of lightning.
The ogre is struck by an arc of lightning.
You are struck by an arc of lightning.
The lightning grounds out.
A goblin comes into view. It is wielding a +0 dagger.
The ogre hits you with a +0 giant club!!
Ouch! That really hurt!
* * * LOW HITPOINT WARNING * * *
The goblin shouts!
The ogre is struck by an arc of lightning.
You kill the ogre!
You are struck by an arc of lightning.
You die...

##.# #..#
#.....# #.##
#.....# #.#
#####)..g. ###.#
##[..#.... #...#
##........ #.###
#........
#.#####......)#
#.†..........@#
##.##.........##
#.#..###.###..#
#.#.##.....##.#
#...#..#.#).#.#
##....#.#.#...#
#..#..#.#†.#.#
#..##.....##.#
#...###.###...


You could see a goblin.

Vanquished Creatures
  A water moccasin (Sewer)
  An ogre (D:4)
  A phantom (D:5)
  A scorpion (D:6)
  An orc priest (D:3)
  A jelly (D:4)
  An iguana (D:3)
  3 orc wizards (D:3)
  3 gnolls (D:3)
  6 adders
  An ufetubus (D:5)
  3 worms
  3 dart slugs
  8 orcs (D:3)
  11 ball pythons
  11 bats
  7 endoplasms
  2 giant cockroaches
  8 goblins
  12 hobgoblins
  2 jackals (D:3)
  7 quokkas
  3 frilled lizards
  4 kobolds
  3 rats (D:3)
104 creatures vanquished.

Notes
Turn   | Place    | Note
-------+----------+-------------------------------------------
     0 | D:1      | theswoord the Deep Elf Air Elementalist began the quest for
                  | the Orb.
     0 | D:1      | Reached XP level 1. HP: 10/10 MP: 6/6
   331 | D:1      | Reached XP level 2. HP: 15/15 MP: 5/8
  1111 | D:2      | Reached XP level 3. HP: 19/19 MP: 8/10
  1669 | D:2      | Reached skill level 4 in Spellcasting
  2186 | D:2      | Reached XP level 4. HP: 24/24 MP: 7/12
  2429 | D:3      | Learned a level 2 spell: Static Discharge
  2491 | D:3      | Reached XP level 5. HP: 3/28 MP: 7/14
  2642 | D:3      | Found a glowing drain.
  2656 | Sewer    | Entered a sewer
  2735 | Sewer    | Noticed a water moccasin
  2743 | Sewer    | Killed a water moccasin
  2744 | Sewer    | Reached skill level 5 in Spellcasting
  2867 | D:3      | Reached XP level 6. HP: 32/32 MP: 14/16
  3029 | D:3      | Found Fenamov's Weapon Shop.
  3285 | D:3      | You fall into a shaft and drop 3 floors!
  3328 | D:5      | Entered Level 5 of the Dungeon
  3335 | D:5      | Identified the +8 plate armour of a bazaar {Harm rC+++
                  | MP-9}
  3345 | D:5      | Reached skill level 6 in Spellcasting
  3345 | D:5      | Reached skill level 5 in Air Magic
  3515 | D:4      | Reached XP level 7. HP: 36/36 MP: 16/18
  3925 | D:4      | HP: 1/36 [ogre/+0 giant club (20)]
  3926 | D:4      | Killed from afar by themself

Skill      XL: |  1  2  3  4  5  6 |
---------------+-------------------+-----
Conjurations   | 2 3 4 |  4.9
Spellcasting   | 4 5 6 |  6.4
Air Magic      | 4 5 |  5.3
Dodging        | |  2.4
Stealth        | |  2.4

Action                     |  1- 3 |  4- 6 |  7- 9 || total
---------------------------+-------+-------+-------++-------
  Melee: Short sword       |    11 |     3 |       ||    14
   Cast: Shock             |    91 |    91 |    27 ||   209
         Static Discharge  |       |    19 |     2 ||    21
    Use: Scroll            |     2 |     5 |     2 ||     9
         Potion            |       |     3 |       ||     3
 Armour: Robe              |     3 |     3 |       ||     6
  Dodge: Dodged            |     8 |    13 |       ||    21

Levels and vault maps discovered:
D:1:      giann_horns, layout_basic
D:2:      layout_basic, minmay_goblin_outpost
D:3:      layout_loops_cross, cheibrodos_sewer_entry_bend, serial_shops, shop
D:4:      layout_rooms, good_gods_mini_temple, kennysheep_okawaru_gauntlet,
          serial_shops, nicolae_shop_trees, minmay_box_of_dots
D:5:      layout_basic, lemuel_temple_firewalk_a
D:6:      layout_basic
